Map: King of Braxis Station

Players

MrFercho

  • Race: Protoss Protoss
  • Spawn Location: 3:00

tigro

  • Race: Terran Terran
  • Spawn Location: 6:00

sabine - Winner!

  • Race: Zerg Zerg
  • Spawn Location: 11:00

dskilled

  • Race: Protoss Protoss
  • Spawn Location: 9:00

VOD

Have the link to the VOD?

Description

Time

  • Played on: Aug. 22, 2019, 11:21 p.m.
  • Length: 31:05
Show
View Real Time Build Order
Export as new Build Order

MrFercho Protoss 

Build Orders:  

Get SALT Encoding   

  12  0:03  Probe  
  13  0:37  Pylon  
  13  0:38  Assimilator  
  13  0:40  Assimilator  
  13  1:01  Gateway  
  13  1:10  Probe  
  13  1:18  Probe  
  15  1:26  Probe  
  16  2:12  Zealot  
  18  2:23  Nexus  
  18  2:25  Assimilator  
  18  2:32  Cybernetics Core  
  18  2:34  Pylon  
  18  2:39  Pylon, Probe, Zealot  
  21  2:45  Pylon  
  21  2:47  Probe  
  21  2:48  Pylon  
  22  2:52  Pylon  
  22  2:56  Probe  
  23  3:19  Probe  
  24  3:27  Warp Gate  
  24  3:32  Probe  
  25  3:44  Probe  
  26  3:50  Stalker  
  26  3:51  Forge  
  28  4:06  Gateway  
  28  4:13  Stargate  
  28  4:20  Stalker, Robotics Facility  
  30  4:26  Probe  
  31  4:38  Probe  
  32  4:50  Stalker, Probe  
  35  5:02  Probe  
  34  5:15  Probe  
  31  5:21  Zealot  
  33  5:53  Photon Cannon x2  
  33  5:55  Photon Cannon x2  
  33  6:01  Photon Cannon  
  33  6:02  Void Ray  
  37  6:08  Immortal  
  35  6:36  Protoss Ground Armor Level 1  
  35  6:44  Void Ray  
  39  7:02  Probe  
  40  7:14  Probe  
  40  7:15  Fleet Beacon  
  41  7:17  Robotics Bay  
  41  7:26  Probe  
  41  7:29  Photon Cannon  
  42  7:34  Photon Cannon, Probe  
  42  7:42  Photon Cannon  
  43  7:44  Zealot  
  43  7:45  Photon Cannon, Zealot  
  25  8:33  Colossus  
  31  8:44  Protoss Ground Weapons Level 1  
  31  8:55  Gravitic Boosters  
  31  9:19  Carrier  
  37  9:26  Colossus  
  43  9:47  Gateway x2  
  43  9:50  Gateway  
  43  9:53  Gateway  
  43  10:00  Fleet Beacon  
  43  10:16  Carrier  
  49  10:57  Mothership  
  49  11:05  Pylon  
  49  11:08  Pylon  
  57  11:20  Void Ray  
  61  11:44  Photon Cannon  
  61  11:47  Photon Cannon  
  61  11:49  Photon Cannon  
  61  11:51  Photon Cannon  
  61  11:53  Shield Battery  
  61  12:03  Void Ray  
  65  12:15  Extended Thermal Lance  
  65  12:19  Immortal  
  69  12:58  Immortal  
  35  14:46  Carrier  
  41  15:18  Pylon  
  41  15:21  Pylon  
  41  15:27  Pylon x2  
  41  15:31  Pylon  
  41  15:32  Disruptor  
  44  15:36  Pylon  
  44  15:48  Pylon  
  44  15:51  Carrier  
  44  15:54  Pylon  
  50  16:04  Twilight Council  
  50  16:08  Immortal  
  54  16:19  Photon Cannon x2  
  54  16:20  Photon Cannon x2  
  54  16:23  Photon Cannon  
  54  16:25  Photon Cannon  
  54  16:26  Photon Cannon  
  54  16:47  Immortal  
  58  16:55  Carrier  
  62  17:31  Pylon  
  62  17:35  Pylon  
  62  17:39  Pylon  
  62  17:43  Pylon  
  62  17:46  Pylon  
  62  17:53  Charge  
  62  18:02  Pylon  
  62  18:04  Stargate  
  62  18:05  Pylon, Stargate  
  62  18:06  Stargate  
  58  18:30  Pylon  
  58  18:33  Pylon  
  58  18:34  Pylon  
  58  18:37  Pylon  
  58  18:38  Pylon  
  58  18:52  Sentry  
  58  18:55  Stalker x2  
  62  18:56  Stalker x2  
  62  18:57  Stalker  
  70  19:34  Mothership  
  78  20:12  Phoenix  
  67  21:16  Stalker x3  
  67  21:17  Stalker x2  
  63  21:41  Carrier  
  37  23:19  Photon Cannon x2  
  37  23:22  Photon Cannon  
  37  23:23  Photon Cannon  
  37  23:25  Photon Cannon  
  37  23:27  Photon Cannon  
  37  23:30  Shield Battery  
  37  23:47  Tempest x2  
  47  23:50  Tempest  
  47  23:53  Void Ray  
  56  24:22  Pylon  
  56  24:24  Pylon  
  56  24:30  Phoenix  
  58  24:42  Photon Cannon  
  58  24:45  Photon Cannon  
  58  24:52  Photon Cannon  
  58  24:54  Probe  
  58  24:59  Mothership  
  59  25:04  Photon Cannon  
  59  25:07  Photon Cannon  
  59  25:11  Photon Cannon  
  67  25:14  Photon Cannon  
  67  25:58  Photon Cannon  
  67  26:00  Photon Cannon  
  67  26:02  Photon Cannon  
  67  26:15  Observer  
  68  26:26  Photon Cannon  
  68  26:28  Photon Cannon  
  68  26:30  Photon Cannon  
  68  26:32  Photon Cannon  
  27  28:05  Stalker x3  
  31  28:06  Stalker  
  31  28:07  Stalker x2  
  31  28:55  Stalker  
  31  28:56  Stalker  
  31  28:57  Stalker x4  
  43  29:12  Immortal  
  26  29:51  Immortal  
Show
View Real Time Build Order
Export as new Build Order

tigro Terran 

Build Orders:  

Get SALT Encoding   

  12  0:13  SCV  
  13  0:25  SCV  
  13  0:28  Supply Depot  
  14  0:37  SCV  
  14  0:40  Refinery  
  15  0:49  SCV  
  16  0:51  Refinery  
  16  1:01  SCV  
  17  1:13  SCV  
  18  1:18  Barracks  
  18  1:25  SCV  
  19  1:38  SCV  
  20  1:50  SCV  
  21  2:02  SCV  
  21  2:07  Barracks  
  22  2:09  Marine  
  23  2:36  Supply Depot  
  23  2:57  Marine, SCV  
  25  2:59  Barracks Tech Lab, Engineering Bay  
  25  3:15  Marine  
  25  3:16  Orbital Command  
  26  3:21  Factory  
  26  3:33  Marine  
  27  3:37  Marine  
  4  3:50  Marine  
  4  3:55  Marine  
  5  4:08  Marine  
  4  4:13  Marine  
Show
View Real Time Build Order
Export as new Build Order

sabine Zerg - Winner!

Build Orders: Hatch First 

Get SALT Encoding   

  12  0:01  Drone  
  13  0:07  Drone  
  14  0:16  Extractor, Drone  
  15  0:22  Overlord  
  15  0:52  Hatchery, Drone  
  15  0:53  Drone  
  15  0:56  Extractor  
  15  0:58  Drone  
  16  1:16  Spawning Pool  
  15  1:18  Drone  
  15  1:23  Drone  
  17  1:28  Drone  
  18  1:39  Drone  
  19  1:47  Drone  
  20  1:57  Overlord  
  20  2:02  Queen  
  20  2:03  Metabolic Boost  
  20  2:05  Drone  
  23  2:10  Zergling x2  
  24  2:19  Zergling x4  
  26  2:22  Queen  
  28  2:34  Zergling x4  
  30  2:38  Zergling x2  
  31  2:46  Baneling Nest  
  31  2:49  Zergling x2, Overlord  
  31  2:58  Zergling x2  
  32  3:02  Zergling x2  
  32  3:03  Zergling x2  
  32  3:19  Drone x4  
  36  3:23  Extractor  
  35  3:37  Drone x4  
  35  3:38  Overlord  
  35  3:39  Lair  
  38  3:52  Drone  
  38  3:53  Drone x2  
  40  4:16  Drone x8  
  48  4:34  Spore Crawler  
  47  4:45  Spire  
  46  4:47  Evolution Chamber  
  46  4:50  Unknown  
  46  4:51  Drone x3  
  46  4:52  Unknown  
  46  5:17  Drone x2, Spire  
  46  5:19  Drone x3  
  49  5:29  Zerg Melee Weapons Level 1  
  49  5:31  Drone  
  50  5:35  Drone  
  50  5:37  Overlord x2  
  51  5:51  Overlord x4  
  51  5:57  Drone x4  
  53  5:59  Zerg Flyer Weapons Level 1  
  53  6:02  Overseer  
  55  6:04  Mutalisk x4  
  63  6:16  Evolution Chamber, Mutalisk x3  
  68  6:24  Hatchery  
  67  6:27  Overseer  
  67  6:33  Mutalisk x2  
  71  6:40  Zerg Flyer Armor Level 1  
  71  6:57  Unknown  
  71  6:58  Unknown  
  71  7:00  Overlord x2, Mutalisk  
  71  7:01  Zerg Ground Armor Level 1  
  71  7:02  Mutalisk  
  71  7:04  Drone  
  71  7:07  Drone x5  
  77  7:28  Zerg Melee Weapons Level 2  
  77  7:30  Zergling x2  
  77  7:31  Zergling x14  
  77  7:35  Drone  
  77  7:36  Hatchery  
  85  7:47  Drone x2  
  85  7:48  Drone  
  85  7:49  Mutalisk x3  
  94  7:54  Zerg Flyer Weapons Level 2  
  94  8:10  Queen  
  94  8:11  Drone x3  
  99  8:23  Mutalisk  
  99  8:24  Mutalisk x7  
  109  8:36  Infestation Pit  
  109  8:37  Drone x2  
  109  8:38  Drone  
  109  8:39  Zerg Flyer Armor Level 2  
  109  8:40  Mutalisk  
  113  8:42  Overlord, Spine Crawler  
  113  8:43  Overlord x2  
  113  8:46  Drone  
  113  8:57  Pneumatized Carapace  
  113  9:23  Mutalisk x4  
  113  9:24  Mutalisk x9  
  115  9:26  Overlord  
  139  9:32  Drone  
  139  9:33  Drone x2  
  142  9:56  Mutalisk  
  142  9:57  Mutalisk x3  
  142  9:58  Overlord x3  
  150  10:01  Zerg Ground Armor Level 2  
  150  10:05  Hydralisk Den  
  145  10:38  Mutalisk x13  
  169  10:53  Hive  
  169  10:54  Zerg Missile Weapons Level 1  
  167  10:58  Zergling x2  
  167  10:59  Zergling x10  
  167  11:00  Lurker Den  
  151  11:44  Hydralisk  
  151  11:45  Hydralisk x4  
  151  11:46  Hydralisk x3  
  163  12:09  Lair  
  163  12:10  Drone x3  
  163  12:12  Hydralisk Den  
  163  12:15  Ultralisk Cavern  
  149  12:19  Spawning Pool  
  141  12:40  Extractor x2  
  136  12:53  Drone  
  136  12:54  Drone x2  
  139  13:13  Hatchery  
  139  13:14  Drone x3  
  139  13:15  Queen  
  139  13:16  Nydus Network  
  142  13:23  Roach Warren  
  141  13:41  Muscular Augments, Infestation Pit  
  141  13:42  Chitinous Plating  
  141  13:45  Lurker Den  
  141  13:47  Drone x3  
  142  13:52  Baneling Nest  
  141  14:03  Overseer x3  
  141  14:22  Glial Reconstitution  
  141  14:23  Centrifical Hooks  
  141  14:25  Zerg Missile Weapons Level 2  
  137  14:49  Drone x3  
  137  14:51  Hive  
  137  14:52  Grooved Spines  
  140  14:56  Pathogen Glands  
  140  15:01  Anabolic Synthesis  
  140  15:04  Drone x2  
  140  15:05  Drone x4  
  140  15:07  Drone x9  
  147  15:09  Drone  
  147  15:10  Drone  
  147  15:11  Drone x2  
  159  15:40  Tunneling Claws  
  159  15:41  Drone x6  
  165  15:44  Drone  
  165  15:45  Drone x4  
  165  15:48  Overlord  
  165  15:49  Overlord x4  
  170  15:50  Overlord  
  170  15:53  Neural Parasite  
  170  15:58  Evolution Chamber  
  170  15:59  Drone x2  
  170  16:00  Adaptive Talons  
  171  16:04  Adrenal Glands, Spire  
  171  16:07  Zerg Flyer Weapons Level 3  
  171  16:08  Zerg Flyer Armor Level 3  
  170  16:11  Zerg Melee Weapons Level 3  
  170  16:39  Zerg Ground Armor Level 3  
  170  16:40  Burrow  
  170  16:50  Drone x2  
  170  16:51  Drone x2  
  174  17:03  Viper x4  
  174  17:04  Infestor x4  
  174  17:05  Ultralisk  
  200  17:15  Hatchery  
  200  17:22  Hatchery  
  196  17:30  Zerg Missile Weapons Level 3  
  196  17:32  Greater Spire  
  194  19:05  Hatchery  
  194  19:07  Hatchery  
  192  19:17  Nexus  
  192  19:20  Pylon  
  192  19:22  Pylon  
  190  19:24  Pylon  
  190  20:13  Nexus  
  190  20:17  Nexus  
  190  20:19  Nexus  
  190  20:27  Nexus  
  190  20:32  Forge  
  190  20:33  Forge  
  190  20:35  Forge  
  188  20:44  Gateway  
  188  20:49  Gateway  
  174  20:51  Probe  
  165  21:03  Probe  
  160  21:15  Probe  
  145  21:30  Protoss Ground Armor Level 1, Protoss Ground Weapons Level 1, Protoss Shields Level 1  
  143  21:39  Pylon x2  
  143  21:41  Pylon  
  143  21:43  Assimilator  
  143  21:49  Assimilator  
  143  21:54  Cybernetics Core  
  143  21:57  Pylon  
  143  21:58  Pylon  
  143  22:00  Pylon  
  141  22:20  Cybernetics Core  
  141  22:23  Cybernetics Core  
  139  22:57  Stargate x2  
  139  23:00  Protoss Air Weapons Level 1, Protoss Air Armor Level 1  
  139  23:01  Robotics Facility  
  139  23:03  Robotics Facility  
  139  23:05  Twilight Council  
  139  23:10  Pylon  
  139  23:11  Pylon  
  139  23:13  Pylon  
  139  23:43  Fleet Beacon  
  139  23:46  Templar Archives  
  139  23:48  Dark Shrine  
  139  23:56  Robotics Bay  
  139  23:57  Fleet Beacon  
  139  24:25  Charge  
  139  24:30  Protoss Shields Level 2, Protoss Ground Armor Level 2, Anion Pulse-Crystals, Protoss Ground Weapons Level 2  
  139  24:32  Mothership  
  139  24:36  Psionic Storm  
  139  24:44  Gravitic Boosters  
  147  25:00  Warp Gate  
  147  25:03  Protoss Air Armor Level 2, Protoss Air Weapons Level 2  
  159  25:10  Tempest x2  
  157  25:26  Pylon  
  157  25:41  Gravitic Drive  
  157  25:49  Shield Battery x2  
  157  25:51  Shield Battery  
  157  25:52  Tempest  
  157  25:53  Tempest  
  157  25:55  Shield Battery x2  
  167  26:00  Photon Cannon  
  167  26:02  Photon Cannon  
  167  26:03  Photon Cannon  
  167  26:05  Photon Cannon, Blink  
  167  26:07  Photon Cannon  
  167  26:09  Photon Cannon  
  167  26:15  Photon Cannon  
  167  26:17  Pylon  
  167  26:19  Ultralisk  
  167  26:21  Pylon  
  167  26:22  Photon Cannon  
  167  26:26  Photon Cannon  
  167  26:27  Photon Cannon  
  167  26:31  Photon Cannon  
  167  26:32  Photon Cannon  
  167  26:33  Photon Cannon  
  167  26:38  Extended Thermal Lance  
  167  27:45  Infestor x4, Warp Prism  
  167  27:46  Protoss Ground Weapons Level 3, Protoss Shields Level 3, Protoss Ground Armor Level 3  
  167  27:50  Ultralisk  
  169  27:58  Probe  
  170  28:06  Protoss Air Weapons Level 3, Resonating Glaives  
  170  28:07  Protoss Air Armor Level 3  
  170  28:10  Probe  
  171  28:23  Probe  
  168  28:35  Probe  
  169  29:22  Ultralisk  
  169  29:29  Pylon  
  169  29:35  Pylon  
  169  29:43  Pylon  
  169  29:58  Photon Cannon  
  169  30:07  Photon Cannon x2  
  169  30:09  Photon Cannon  
  169  30:10  Photon Cannon  
  169  30:12  Photon Cannon  
  169  30:14  Photon Cannon  
  169  30:15  Photon Cannon  
  169  30:17  Photon Cannon  
  169  30:18  Photon Cannon  
  169  30:20  Photon Cannon  
Show
View Real Time Build Order
Export as new Build Order

dskilled Protoss 

Build Orders: Zealot Archon 

Get SALT Encoding   

  12  0:00  Probe  
  13  0:08  Probe  
  14  0:19  Probe  
  14  0:20  Pylon  
  15  0:38  Probe  
  16  0:43  Forge  
  16  0:50  Probe  
  17  0:59  Pylon  
  17  1:02  Probe  
  18  1:14  Probe  
  18  1:17  Photon Cannon  
  19  1:27  Gateway  
  19  1:30  Probe  
  19  1:32  Assimilator  
  20  1:42  Probe  
  21  2:07  Zealot  
  21  2:08  Photon Cannon  
  21  2:09  Photon Cannon  
  21  2:12  Probe  
  24  2:21  Cybernetics Core  
  24  2:24  Pylon  
  24  2:30  Assimilator, Probe  
  25  2:39  Warp Gate  
  25  2:57  Probe  
  25  2:58  Gateway  
  26  3:04  Nexus  
  26  3:19  Probe  
  27  3:25  Gateway  
  27  3:31  Gateway  
  27  3:38  Pylon  
  27  4:00  Photon Cannon  
  27  4:02  Photon Cannon  
  27  4:11  Photon Cannon  
  27  4:15  Probe  
  28  4:18  Probe  
  29  4:27  Probe  
  29  4:30  Probe  
  31  4:32  Stalker x2  
  35  4:43  Probe  
  35  4:44  Probe  
  37  4:49  Pylon  
  37  4:55  Probe  
  37  4:56  Probe  
  39  5:00  Pylon  
  39  5:07  Pylon  
  39  5:08  Protoss Ground Weapons Level 1  
  39  5:10  Probe x2  
  41  5:15  Photon Cannon  
  41  5:22  Probe  
  42  5:31  Twilight Council  
  42  5:34  Probe x2  
  44  5:46  Probe  
  44  5:47  Probe  
  46  5:51  Pylon  
  46  5:58  Pylon, Probe  
  46  5:59  Charge, Probe  
  46  6:04  Photon Cannon, Pylon  
  48  6:21  Templar Archives  
  48  6:25  Photon Cannon  
  48  6:26  Photon Cannon  
  48  6:30  Probe x2  
  50  6:32  Assimilator  
  50  6:38  Psionic Storm  
  50  6:39  Photon Cannon  
  50  6:42  Zealot  
  50  6:43  Zealot  
  54  6:52  Pylon  
  54  7:01  High Templar x2  
  54  7:05  Archon  
  58  7:17  Assimilator  
  58  7:38  Gateway  
  58  7:39  Gateway  
  58  7:40  Gateway  
  58  7:42  Gateway  
  58  7:46  Pylon  
  58  7:49  Pylon  
  58  7:50  Pylon  
  58  7:52  Protoss Ground Armor Level 1  
  58  7:55  High Templar x4  
  66  7:59  Archon x2  
  66  8:10  Nexus  
  66  8:15  Pylon  
  66  8:20  Pylon  
  66  8:23  Pylon  
  66  8:24  Photon Cannon  
  66  8:25  Photon Cannon  
  66  8:27  Photon Cannon  
  66  8:30  Probe x2  
  68  8:35  High Templar x2  
  68  8:37  Zealot x3  
  68  8:38  Zealot x2  
  82  8:45  Pylon  
  82  8:54  Pylon  
  82  8:57  Forge  
  82  8:59  Forge  
  82  9:07  Robotics Facility  
  81  9:17  Pylon  
  81  9:21  Photon Cannon x2  
  81  9:25  Photon Cannon  
  81  9:27  Photon Cannon  
  81  9:31  Probe x2  
  81  9:32  Probe  
  81  9:37  Photon Cannon  
  84  9:39  Photon Cannon  
  84  9:43  Probe  
  84  9:44  Probe x2  
  84  9:50  Observer  
  84  9:52  Zealot x2  
  83  9:53  Zealot  
  86  10:11  High Templar x2  
  86  10:12  High Templar x3  
  79  10:23  Stalker x3  
  63  10:50  Photon Cannon  
  63  10:51  Photon Cannon  
  63  10:55  Photon Cannon, Pylon  
  63  10:58  Photon Cannon  
  63  11:00  Probe  
  63  11:02  Pylon  
  46  11:12  Probe  
  46  11:13  Probe x2  
  41  12:28  Probe  
  18  12:57  Forge  
  18  12:58  Probe  
  9  13:09  Probe  
Tags
 
Add a new tag
Caveats
  • Supply blocks, unpowered buildings, or Contaminate may cause inaccurate times.
  • Supply counts are checked every 10 seconds.